Map: Acropolis LE

Players

Mez - Winner!

  • Race: Terran Terran
  • League: Master
  • Spawn Location: 11:00

Shizuka

  • Race: Protoss Protoss
  • Spawn Location: 5:00

VOD

Have the link to the VOD?

Description

Time

  • Played on: Aug. 14, 2019, 2:05 p.m.
  • Length: 19:30
Show
View Real Time Build Order
Export as new Build Order

Mez Terran - Winner!

Build Orders: Reaper Expand 

Get SALT Encoding   

  12  0:01  SCV  
  13  0:13  SCV  
  14  0:17  Supply Depot  
  14  0:25  SCV  
  15  0:39  SCV  
  15  0:40  Barracks  
  16  0:45  Refinery  
  16  0:51  SCV  
  17  1:03  SCV  
  18  1:15  SCV  
  19  1:29  Reaper, Orbital Command  
  20  1:39  Command Center  
  20  1:47  Bunker  
  20  1:57  SCV, Supply Depot  
  21  2:10  SCV  
  21  2:11  Barracks Reactor  
  22  2:27  Command Center  
  22  2:33  SCV  
  23  2:41  Factory  
  23  2:45  SCV  
  23  2:48  Marine  
  23  2:49  Marine  
  26  2:52  Orbital Command  
  26  2:59  Refinery  
  26  3:01  SCV  
  27  3:06  Marine x2  
  29  3:14  SCV  
  29  3:18  SCV  
  31  3:24  Marine  
  31  3:25  Marine  
  31  3:26  Widow Mine  
  35  3:28  SCV  
  36  3:39  SCV, Starport  
  36  3:40  Orbital Command  
  37  3:43  Refinery  
  37  3:44  Marine x2  
  37  3:46  SCV  
  40  3:51  Widow Mine  
  40  3:53  SCV  
  43  3:58  SCV  
  44  4:05  SCV  
  44  4:07  Marine x2  
  44  4:09  SCV  
  48  4:10  SCV  
  48  4:12  Factory Tech Lab  
  48  4:17  Starport Tech Lab  
  49  4:19  SCV  
  49  4:21  SCV  
  51  4:26  SCV, Supply Depot  
  52  4:31  SCV  
  52  4:33  Siege Tank, Marine  
  52  4:34  Marine  
  52  4:35  Raven  
  52  4:37  SCV, Barracks  
  61  4:43  Barracks  
  61  4:48  SCV  
  61  4:49  SCV x2  
  61  4:50  Supply Depot  
  61  4:51  Refinery  
  64  4:56  Supply Depot  
  64  4:59  Bunker  
  64  5:01  Supply Depot  
  64  5:02  SCV x2  
  64  5:06  Marine  
  64  5:07  Marine  
  67  5:13  SCV  
  70  5:14  SCV  
  70  5:17  Siege Tank  
  73  5:22  SCV  
  73  5:25  SCV  
  75  5:31  Engineering Bay, SCV  
  75  5:32  Engineering Bay  
  75  5:33  Barracks Tech Lab  
  75  5:34  Starport Reactor  
  75  5:35  SCV  
  77  5:36  Stimpack  
  77  5:48  SCV x2  
  79  5:50  Marine x2  
  79  5:51  Marauder  
  83  6:00  Terran Infantry Armor Level 1, SCV, Terran Infantry Weapons Level 1, Factory Reactor  
  83  6:03  SCV  
  85  6:12  SCV  
  85  6:15  Orbital Command  
  86  6:30  Marine  
  86  6:31  Marine, Marauder x2  
  92  6:35  Barracks  
  92  6:37  SCV, Barracks  
  92  6:38  Supply Depot x2  
  93  6:44  SCV x2  
  95  6:48  Marine x2  
  95  6:49  SCV, Medivac x2  
  95  6:52  Widow Mine x2, Marauder  
  108  6:56  Combat Shield, Armory  
  108  6:57  SCV  
  108  6:59  SCV  
  108  7:00  Marauder  
  112  7:01  Refinery, SCV  
  113  7:09  SCV, Supply Depot  
  113  7:10  Marine, Supply Depot  
  113  7:12  Supply Depot  
  113  7:13  Supply Depot  
  113  7:14  Marauder  
  117  7:17  Marine  
  117  7:21  Marauder  
  120  7:23  Widow Mine x2  
  120  7:27  Barracks Reactor, Barracks Tech Lab  
  120  7:28  Marine  
  125  7:30  Medivac x2  
  125  7:35  Marine, Marauder  
  125  7:36  SCV x2, Supply Depot  
  134  7:37  Supply Depot  
  134  7:39  SCV  
  134  7:41  Refinery  
  135  7:48  SCV x2  
  138  7:51  SCV  
  138  7:52  Marauder x2  
  138  7:57  Terran Infantry Armor Level 2, Terran Infantry Weapons Level 2  
  141  7:59  Terran Ship Weapons Level 1  
  141  8:00  SCV, Starport  
  141  8:02  Marine x2, Marauder  
  146  8:05  Concussive Shells  
  146  8:07  Marine  
  146  8:09  Medivac  
  149  8:12  Marine  
  149  8:13  Marauder  
  149  8:14  SCV x3  
  155  8:23  Marine x2, Marauder  
  159  8:31  Marauder  
  147  8:59  Marine x4, Marauder x3  
  147  9:16  Barracks  
  141  9:17  Marine x3  
  141  9:18  Command Center  
  141  9:19  Barracks  
  141  9:20  Barracks  
  141  9:21  Marauder x3  
  147  9:25  Viking x2  
  147  9:26  Viking x2  
  147  9:31  Ghost Academy  
  146  9:39  Marine x2  
  146  9:42  Marauder x2  
  145  9:49  Marine x2, Marauder  
  148  9:55  Viking x2  
  148  9:56  Marine  
  148  9:59  Liberator  
  146  10:00  Liberator  
  146  10:02  Marine  
  146  10:03  Marauder  
  146  10:04  Marauder, Supply Depot  
  146  10:06  Supply Depot x2  
  151  10:07  Marine x2  
  151  10:10  Barracks Tech Lab  
  155  10:15  Barracks Reactor  
  155  10:18  Orbital Command  
  155  10:21  Orbital Command  
  159  10:25  Marauder x2  
  163  10:30  Marauder  
  163  10:31  Marine x3, Marauder  
  163  10:32  Marine, Marauder  
  163  10:35  Terran Infantry Armor Level 3, Terran Infantry Weapons Level 3  
  171  10:36  Starport  
  171  10:38  Fusion Core  
  171  10:46  Marine  
  164  11:00  Marauder x3  
  164  11:01  Marine x2, Marauder  
  164  11:03  Viking x2  
  180  11:04  Marauder  
  180  11:12  Viking  
  182  11:23  Refinery  
  182  11:25  Orbital Command  
  182  11:37  Refinery  
  182  11:39  Marine x3, Marauder x3  
  193  11:40  Marauder  
  193  11:43  Planetary Fortress  
  193  11:46  Missile Turret  
  192  11:49  Missile Turret  
  192  12:02  Viking  
  192  12:03  Viking x3  
  200  12:14  Command Center  
  166  12:46  Marine x4, Marauder  
  166  12:47  Viking x4  
  154  12:56  Marine x2, Marauder  
  154  12:57  Marauder x3  
  160  13:04  Marine x3  
  157  13:06  Marine  
  157  13:08  Marauder  
  157  13:10  Starport Tech Lab  
  157  13:11  Terran Ship Weapons Level 2  
  160  13:17  Viking  
  160  13:18  Marauder x2  
  166  13:21  SCV x2  
  166  13:22  SCV  
  166  13:25  Marine  
  166  13:26  Marine x2  
  172  13:27  Marauder x2  
  172  13:31  Hi-Sec Auto Tracking  
  172  13:32  Neosteel Armor  
  176  13:46  Liberator x2  
  176  13:50  Marine x5, Marauder x5  
  176  13:55  Liberator x2  
  183  14:11  Marauder x2  
  183  14:12  Marauder x2  
  191  14:20  Planetary Fortress  
  189  14:28  Marauder  
  189  14:29  Refinery  
  181  14:33  Marauder x2  
  181  14:34  Advanced Ballistics  
  183  14:45  Factory Reactor  
  183  14:48  Liberator  
  183  14:49  Liberator x4  
  186  15:31  Liberator x2  
  180  15:45  Ghost  
  180  15:46  Ghost x4  
  186  15:59  Sensor Tower  
  186  16:09  Marine x6  
  184  16:14  Ghost x2, Marine  
  184  16:15  Marine  
  183  16:35  Medivac x3  
  184  16:42  Liberator x2  
  160  17:00  Ghost, Marine  
  160  17:01  Marine x4  
  149  17:28  Marine  
  149  17:29  Marine x6, Marauder  
  132  17:30  Marauder x3  
  132  17:34  Liberator x4  
  119  18:06  Marine x2, Marauder x3  
  127  18:24  Missile Turret  
  127  18:27  Refinery  
  127  18:34  Ghost x2  
  127  18:35  Marine x6  
  127  18:38  Orbital Command  
  143  18:48  Marauder x3  
  143  19:03  Marauder  
Show
View Real Time Build Order
Export as new Build Order

Shizuka Protoss 

Build Orders: 1 Gate Expand, Blink Stalkers 

Get SALT Encoding   

  12  0:01  Probe  
  13  0:13  Probe  
  14  0:17  Pylon  
  14  0:25  Probe  
  15  0:37  Probe  
  15  0:38  Gateway  
  16  0:44  Assimilator  
  16  0:45  Probe  
  17  0:53  Probe  
  17  1:04  Probe  
  19  1:16  Probe  
  20  1:25  Cybernetics Core  
  20  1:28  Probe  
  21  1:41  Nexus  
  21  1:46  Pylon  
  21  1:53  Stalker  
  21  1:54  Assimilator  
  21  2:03  Warp Gate  
  21  2:05  Probe  
  24  2:13  Probe  
  24  2:21  Probe  
  25  2:26  Robotics Facility  
  26  2:35  Stalker  
  26  2:37  Probe  
  29  2:45  Pylon  
  29  2:49  Probe  
  30  2:56  Twilight Council  
  30  2:58  Stalker  
  30  3:01  Probe  
  30  3:02  Probe  
  34  3:13  Probe  
  34  3:17  Probe  
  36  3:21  Observer  
  36  3:25  Probe  
  37  3:29  Probe  
  37  3:31  Gateway  
  39  3:35  Gateway  
  39  3:37  Probe  
  39  3:39  Blink  
  40  3:56  Probe x2  
  40  3:57  Stalker  
  44  4:02  Pylon  
  44  4:08  Probe x2  
  46  4:10  Pylon  
  46  4:20  Probe x2  
  46  4:23  Stalker  
  50  4:30  Assimilator x2  
  50  4:32  Probe x2  
  50  4:36  Gateway  
  50  4:37  Gateway  
  52  4:44  Probe x2  
  54  4:45  Observer  
  54  4:52  Probe  
  54  4:56  Probe  
  56  5:04  Probe  
  56  5:08  Probe  
  56  5:14  Observer  
  57  5:19  Nexus  
  58  5:21  Pylon  
  58  5:25  Stalker x3  
  64  5:31  Probe x2  
  66  5:35  Robotics Bay  
  66  5:40  Robotics Facility  
  66  5:43  Probe  
  66  5:45  Stalker  
  66  5:46  Stalker  
  66  5:47  Probe  
  66  5:48  Pylon  
  72  5:54  Sentry x3, Observer  
  78  6:04  Pylon  
  78  6:06  Probe x2, Pylon  
  80  6:12  Disruptor, Charge  
  80  6:18  Probe  
  80  6:19  Probe  
  80  6:22  Disruptor  
  85  6:31  Probe x2  
  89  6:43  Probe x2  
  91  6:48  Probe  
  91  6:50  Assimilator x2  
  91  6:51  Disruptor  
  95  6:55  Probe x2, Gateway  
  95  6:58  Gateway  
  97  7:01  Disruptor  
  97  7:06  Forge x2  
  100  7:10  Probe x2  
  100  7:11  Probe  
  104  7:22  Probe  
  104  7:23  Probe  
  104  7:27  Disruptor  
  64  7:30  Extended Thermal Lance  
  108  7:31  Probe  
  108  7:35  Probe x2  
  111  7:37  Disruptor  
  111  7:42  Nexus  
  111  7:43  Pylon x2  
  113  8:05  Protoss Ground Armor Level 1, Protoss Ground Weapons Level 1  
  113  8:11  Stalker x4  
  113  8:12  Stalker x3  
  127  8:17  Colossus  
  133  8:24  Photon Cannon  
  133  8:25  Photon Cannon  
  133  8:27  Photon Cannon  
  133  8:28  Photon Cannon  
  133  8:32  Probe  
  133  8:36  Pylon  
  133  8:39  Pylon  
  133  8:40  Pylon  
  125  8:56  Probe x2  
  119  9:08  Probe  
  94  9:13  Zealot x4  
  94  9:14  Zealot x2  
  94  9:16  Colossus x2  
  102  10:01  Stalker x2  
  102  10:02  Stalker x3  
  102  10:05  Probe x3  
  115  10:10  Disruptor x2  
  115  10:11  Protoss Ground Weapons Level 2, Protoss Ground Armor Level 2  
  113  10:17  Probe x3  
  113  10:18  Nexus  
  115  10:27  Probe x3  
  115  10:35  Probe  
  118  10:38  Zealot x3  
  125  10:43  Gateway  
  125  10:46  Gateway  
  125  10:49  Pylon  
  125  10:50  Pylon x2  
  125  10:51  Pylon  
  125  11:06  Probe  
  125  11:07  Probe  
  126  11:18  Probe  
  127  11:19  Probe  
  127  11:21  Probe  
  127  11:24  Stalker  
  127  11:25  Stalker x4  
  139  11:30  Probe  
  139  11:31  Probe  
  141  11:33  Probe  
  141  11:35  Assimilator  
  142  11:40  Templar Archives  
  142  11:42  Probe  
  142  11:43  Probe  
  142  11:46  Probe  
  145  11:47  Stalker x2  
  145  11:48  Stalker x4  
  157  12:00  Pylon  
  157  12:01  Pylon  
  157  12:03  Pylon  
  157  12:18  Probe, Disruptor x2  
  157  12:19  Probe x2  
  157  12:20  Nexus  
  166  12:24  Pylon  
  166  12:25  Pylon  
  166  12:27  Pylon  
  166  12:31  Probe x3  
  167  12:43  Probe  
  99  13:10  Stalker x4  
  99  13:11  Stalker x3  
  111  13:18  Probe  
  111  13:19  Probe x2  
  114  13:30  Probe  
  114  13:31  Probe x2  
  114  13:33  High Templar  
  119  13:34  High Templar x4  
  119  13:35  High Templar  
  119  13:39  Archon  
  119  13:40  Archon x2  
  129  13:42  Stalker  
  129  13:43  Probe x3  
  134  13:55  Probe  
  121  14:21  Zealot x5  
  121  14:22  Zealot x2  
  126  14:31  Probe  
  126  14:32  Probe x2  
  126  14:34  Disruptor x2  
  135  14:44  Probe x3  
  138  15:31  Colossus x2  
  144  15:50  Stalker  
  144  15:51  Stalker x6  
  144  15:54  Probe x2  
  144  15:55  Probe  
  161  16:06  Probe x2  
  161  16:07  Probe  
  157  16:15  Assimilator  
  157  16:16  High Templar  
  157  16:17  High Templar x5  
  157  16:18  Assimilator, Probe  
  169  16:19  Probe  
  169  16:24  Archon x3  
  139  17:04  Zealot x4  
  139  17:05  Zealot x3  
  153  17:09  Probe x2  
  112  17:33  Stalker  
  112  17:34  Stalker x6  
  110  17:39  Immortal x2  
  91  18:09  Probe x3  
  90  18:18  Gateway  
  90  18:20  High Templar x4, Nexus, Disruptor, Gateway  
  90  18:21  High Templar x2, Pylon, Disruptor  
  90  18:23  Gateway  
  90  18:26  Archon  
  108  18:27  Archon x2  
  108  18:29  Stalker  
  110  18:43  Assimilator  
  110  18:47  Assimilator  
  110  18:50  Disruptor x2  
  110  18:51  Photon Cannon  
  110  18:53  Photon Cannon  
  110  18:54  Photon Cannon  
  110  18:55  Photon Cannon  
  110  19:01  Stalker  
  110  19:02  Stalker x5  
Tags
 
Add a new tag
Caveats
  • Supply blocks, unpowered buildings, or Contaminate may cause inaccurate times.
  • Supply counts are checked every 10 seconds.